 Dungeon Crawl Stone Soup version 0.31.0-12-g77e489cdc1 (webtiles) character file.

Game seed: 6447778368282258955

258 lordive the Slasher (level 5, -2/48 HPs)
             Began as a Minotaur Monk on Feb 29, 2024.
             Splashed by a jelly's acid (10 damage)
             ... on level 5 of the Dungeon.
             The game lasted 00:02:13 (1175 turns).

lordive the Slasher (Minotaur Monk)                 Turns: 1175, Time: 00:02:14

Health: -2/48      AC:  8    Str: 16    XL:     5   Next: 94%
Magic:  4/4        EV: 13    Int:  7    God:
Gold:   116        SH:  0    Dex: 14    Spells: 4/4 levels left

rFire   . . .        a - +0 falchion
rCold   . . .        (no shield)
rNeg    . . .        d - +0 chain mail
rPois   .            (helmet restricted)
rElec   .            (no cloak)
rCorr   .            (no gloves)
SInv    .            (no boots)
Will    .....        (no amulet) Stlth
                     f - +5 ring of evasion
HPRegen 0.28/turn    (no ring)
MPRegen 0.09/turn

%: no passive effects
@: confused, ambrosia-drunk, weakened
A: horns 2, retaliatory headbutt
a: no special abilities


You were on level 5 of the Dungeon.
You visited 1 branch of the dungeon, and saw 5 of its levels.

You collected 116 gold pieces.

Inventory:

Hand Weapons
 a - a +0 falchion (weapon)
 i - a +1 vampiric dagger
Armour
 d - a +0 chain mail (worn)
Jewellery
 f - a +5 ring of evasion (left hand)
Scrolls
 b - a scroll of enchant armour {unknown}
 g - a scroll of amnesia {unknown}
 h - 2 scrolls of fog {unknown}
 j - 2 scrolls of identify {unknown}
 k - 2 scrolls of poison {unknown}
 l - a scroll of teleportation {unknown}
Potions
 e - a potion of enlightenment {unknown}
 m - a potion of heal wounds {unknown}


   Skills:
 + Level 5.3 Fighting
 + Level 5.6 Long Blades
 + Level 1.2 Armour
 + Level 4.7 Dodging


You had 4 spell levels left.
You didn't know any spells.
Your spell library contained the following spells:

 Spells                   Type           Power      Damage    Failure   Level
 Magic Dart               Conj           0%         1d3       99%         1
 Blink                    Tloc           0%         N/A       100%        2
 Call Imp                 Summ           0%         N/A       100%        2


Dungeon Overview and Level Annotations

Branches:
Dungeon (5/15)             Temple (0/1) D:4

Altars:
Ru

Annotations:
D:4 Natasha


Innate Abilities, Weirdness & Mutations

You have a pair of horns on your head.
You reflexively headbutt those who attack you in melee.


Message History

The gnoll bouda gazes fiercely through you!
You feel your attacks grow feeble.
You hit the gnoll.
The gnoll is heavily wounded.
The gnoll barely misses you. x2; You furiously retaliate!
You headbutt the gnoll. You barely miss the gnoll. You headbutt the gnoll.
You kill the gnoll!
The gnoll bouda gazes fiercely through you!
You feel as though you will be weak longer.
You hit the gnoll.
The gnoll is moderately wounded.
The gnoll misses you.
You hit the gnoll but do no damage.
The gnoll is moderately wounded.
The gnoll barely misses you.
You hit the gnoll but do no damage. You headbutt the gnoll.
The gnoll is heavily wounded.
The gnoll barely misses you. You furiously retaliate!
You headbutt the gnoll!
You kill the gnoll!
You hit the jelly.
Your hands burn!
* * * LOW HITPOINT WARNING * * *
You headbutt the jelly, but do no damage.
The jelly is lightly wounded.
The gnoll is no longer moving quickly.
The jelly hits you but does no damage.
The gnoll bouda barks out a call to the hunt!
The gnoll picks up the pace!
You hit the jelly.
Your hands burn!
* * * LOW HITPOINT WARNING * * *
The jelly is moderately wounded.
The jelly hits you.
* * * LOW HITPOINT WARNING * * *
You are splashed with acid!
* * * LOW HITPOINT WARNING * * *
You are confused.
You feel invigorated. The jelly barely misses you.
You bump into the rock wall.
The jelly hits you.
* * * LOW HITPOINT WARNING * * *
You are splashed with acid!
You die...

#.#############
.........@Jgg>#
#.#####.#####.#
#........# #<.#
#######..# #..#
#..# #.g#
#..###.g#
#....#..#
#....J..#
####...##


You could see a gnoll bouda, a jelly and a gnoll (swift).

Vanquished Creatures
  A black bear (D:4)
  2 orc priests (D:3)
  A hound (D:4)
  An iguana (D:4)
  2 gnolls (D:5)
  2 ufetubi (D:5)
  A ribbon worm (D:3)
  8 orcs
  2 endoplasms
  2 giant cockroaches (D:3)
  A hobgoblin (D:4)
  2 kobolds
  A ball python (D:3)
  A frilled lizard (D:3)
27 creatures vanquished.

Notes
Turn   | Place    | Note
-------+----------+-------------------------------------------
     0 | D:1      | lordive the Minotaur Monk began the quest for the Orb.
     0 | D:1      | Reached XP level 1. HP: 19/19 MP: 0/0
    17 | D:1      | You fall into a shaft and drop 1 floor!
   145 | D:3      | Noticed an orc priest
   170 | D:3      | Killed an orc priest
   171 | D:3      | Reached XP level 2. HP: 11/27 MP: 1/1
   171 | D:3      | Reached XP level 3. HP: 13/33 MP: 2/2
   280 | D:3      | Reached XP level 4. HP: 26/41 MP: 3/3
   629 | D:4      | Noticed a black bear
   634 | D:4      | Killed a black bear
   635 | D:4      | Reached skill level 5 in Fighting
   635 | D:4      | Reached skill level 5 in Long Blades
   635 | D:4      | Reached XP level 5. HP: 48/48 MP: 4/4
  1018 | D:4      | Found a staircase to the Ecumenical Temple.
  1027 | D:4      | Found a sacrificial altar of Ru.
  1032 | D:4      | Reached skill level 1 in Armour
  1054 | D:4      | Noticed Natasha
  1125 | D:5      | Entered Level 5 of the Dungeon
  1173 | D:5      | HP: 1/48 [acid (9)]
  1175 | D:5      | Splashed by a jelly's acid

Illustrated notes

Levels and vault maps discovered:
D:1:      dpeg_arrival_tiny_d, layout_basic,
          chequers_ecumenical_altar_simple_redux
D:2:      layout_basic, uniq_sigmund
D:3:      layout_basic, lemuel_round_altar
D:4:      layout_loops_ring, nicolae_ru_awakened_eye,
          minmay_temple_entry_from_below_a, serial_bayou, serial_bayou_shore_a,
          serial_bayou_lake_a, serial_bayou_shore_b, serial_bayou_pond_e,
          uniq_natasha
D:5:      layout_basic, mainiacjoe_overflow_concentric_impassable

Skill      XL: |  1  2  3  4  5 |
---------------+----------------+-----
Fighting       | 4 5 |  5.3
Long Blades    | 4 5 |  5.6
Dodging        | 4 |  4.7
Armour         | 1 |  1.2

Action                     |  1- 3 |  4- 6 || total
---------------------------+-------+-------++-------
  Melee: Falchion          |    15 |    50 ||    65
         Headbutt          |     6 |    15 ||    21
         Punch             |       |     1 ||     1
    Use: Potion            |       |     1 ||     1
 Armour: Chain mail        |     7 |    52 ||    59
  Dodge: Dodged            |     2 |    59 ||    61
